Devils vs Bruins
Created - June 19, 2023 at 20:02
Goals
|
| Devils |
1 |
1 |
0 |
2 |
| Bruins |
1 |
1 |
1 |
3 |
|
Shots
|
| Devils |
12 |
15 |
6 |
33 |
| Bruins |
7 |
12 |
7 |
26 |
|
1st period
1. Devils , Eric Tangradi 3 (Brandon Carlo 1) at 10:47
2. Bruins , Jonathan Toews 6 (Zack Kassian 9, Wojtek Wolski 10) at 10:57
Penalties :
Wojtek Wolski (Bos) for Hooking (Minor) at 11:59, Matt Read (Bos) for Tripping (Minor) at 14:47
2nd period
3. Bruins , Taylor Beck 3 (Josh Manson 3, Matt Read 2) at 15:37
4. Devils , Jason Pominville 4 (Eric Tangradi 4, Brayden Point 4) at 17:31
Penalties :
Adam Pelech (Bos) for Interference (Minor) at 1:56, Victor Oreskovich (Bos) for Tripping (Minor) at 10:30
3rd period
5. Bruins , Gabriel Landeskog 8 (Victor Oreskovich 6, Kevin Hayes 3) at 7:02
Penalties :
Josh Manson (Bos) for Hooking (Minor) at 4:47, Zack Kassian (Bos) for Hooking (Minor) at 9:38, Brayden Point (N.J) for Diving (Minor) at 16:58, Nick Palmieri (N.J) for Diving (Minor) at 19:46
Goalie Stats
Tyler Weiman (N.J), 23 saves from 26 shots - (0.885), L, 0-2-0, 60:00 minutes
Kevin Poulin (Bos), 31 saves from 33 shots - (0.939), W, 7-4-1, 60:00 minutes
Players Stats for Devils
Player Name G A P +/- PIM S H SB GA TA FO MP PP MP PK MP
------------------------------------------------------------------------------------
Aleksander Barkov 0 0 0 -1 0 4 1 2 0 0 8/11 19:02 5:17 0:25
Anton Lander 0 0 0 0 0 0 0 0 0 0 2/2 7:36 0:00 1:12
Anton Stralman 0 0 0 0 0 0 0 0 1 0 0/0 16:44 0:00 1:19
Brandon Carlo 0 1 1 0 0 1 0 2 0 1 0/0 16:22 0:00 1:19
Brayden Point 0 1 1 1 2 2 3 1 0 0 4/8 11:31 0:18 0:00
Eric Tangradi 1 1 2 1 0 1 2 1 1 0 1/1 11:58 0:00 1:12
Jason Pominville 1 0 1 1 0 2 3 1 1 1 0/0 12:07 0:18 0:35
Jonathan Huberdeau 0 0 0 -1 0 5 1 1 0 0 3/4 19:34 5:17 0:47
Kristopher Letang 0 0 0 0 0 3 3 2 0 1 0/0 24:19 7:54 0:00
Marian Gaborik 0 0 0 -1 0 1 3 1 0 0 1/2 20:36 6:19 0:00
Matt Donovan 0 0 0 -1 0 0 2 0 0 0 0/0 19:19 4:00 0:53
Michael Del Zotto 0 0 0 0 0 2 2 1 0 0 0/0 24:50 7:54 0:53
Nazem Kadri 0 0 0 -1 0 3 2 0 1 0 11/24 21:15 6:19 0:00
Nick Palmieri 0 0 0 -1 2 5 2 0 0 0 0/0 19:15 5:17 0:00
Ondrej Kase 0 0 0 0 0 0 1 0 0 1 0/0 7:00 0:18 0:00
Sven Baertschi 0 0 0 0 0 0 2 0 0 0 0/0 6:37 0:00 0:13
Thomas Hickey 0 0 0 -1 0 0 2 0 0 0 0/0 18:26 4:00 0:00
Tyler Ennis 0 0 0 -1 0 4 0 1 0 1 0/0 21:15 6:19 0:00
Players Stats for Bruins
Player Name G A P +/- PIM S H SB GA TA FO MP PP MP PK MP
------------------------------------------------------------------------------------
Adam Pelech 0 0 0 2 2 2 1 0 0 1 0/0 10:41 0:00 0:00
Andreas Athanasiou 0 0 0 0 0 0 2 0 0 0 1/1 9:04 0:01 0:00
Brendan Smith 0 0 0 -2 0 0 1 2 1 0 0/0 24:28 0:50 5:01
Casey Cizikas 0 0 0 0 0 2 0 0 1 1 2/3 10:44 0:01 1:40
David Booth 0 0 0 0 0 0 0 0 0 0 0/0 12:26 0:00 2:29
Gabriel Landeskog 1 0 1 0 0 7 1 0 0 0 0/0 18:28 1:16 3:37
Jason Demers 0 0 0 1 0 1 2 2 0 1 0/0 26:52 1:22 6:53
Jonathan Toews 1 0 1 1 0 1 0 3 0 0 8/25 18:19 1:15 3:06
Josh Manson 0 1 1 2 2 1 0 0 0 0 0/0 8:43 0:00 0:00
Kevin Hayes 0 1 1 0 0 3 4 0 0 0 5/10 14:18 0:56 0:00
Madison Bowey 0 0 0 -2 0 0 0 1 1 0 0/0 23:52 0:50 5:01
Matt Read 0 1 1 0 2 1 1 0 0 0 0/0 7:37 0:00 0:00
Mikael Backlund 0 0 0 0 0 0 1 0 1 0 2/2 10:35 0:00 2:41
Taylor Beck 1 0 1 0 0 3 1 0 0 0 0/0 6:54 0:00 0:00
Torey Krug 0 0 0 1 0 1 2 2 0 0 0/0 26:52 1:22 6:53
Victor Oreskovich 0 1 1 0 2 2 1 1 1 0 0/2 14:21 0:56 0:00
Wojtek Wolski 0 1 1 1 2 0 5 0 0 1 0/0 21:49 0:56 5:15
Zack Kassian 0 1 1 1 2 2 2 0 0 0 4/9 21:57 1:15 5:00
3 Stars
1 - Eric Tangradi (N.J)
2 - Jason Pominville (N.J)
3 - Jonathan Toews (Bos)
Power Play
Devils - 0 on 6 Attempt(s) - 0.00%
Bruins - 0 on 2 Attempt(s) - 0.00%
Penalty Kill
Devils - 2 on 2 Attempt(s) - 100.00%
- Score 0 goal in Penalty Kill
Bruins - 6 on 6 Attempt(s) - 100.00%
- Score 0 goal in Penalty Kill
Team Stat
Devils - Hits : 29 - Faceoff Wins : 30 - Blocked Shots : 13 - Penalty Minutes : 4
Bruins - Hits : 24 - Faceoff Wins : 22 - Blocked Shots : 11 - Penalty Minutes : 12
Official
Referees : Pierre Lambert and Tim Peel
Linesman : Vaughan Rody and Brian Mach
Game Notes
No Game Note
Finance
Level 1 -- Attendance: 6000 (100.00%) -- Ticket Income $600,000
Level 2 -- Attendance: 5000 (100.00%) -- Ticket Income $300,000
Level 3 -- Attendance: 2000 (100.00%) -- Ticket Income $70,000
Level 4 -- Attendance: 4000 (100.00%) -- Ticket Income $100,000
Luxury Box -- Attendance: 1000 (100.00%) -- Ticket Income $200,000
Game was played at the TD Garden.
Total Attendance: 18000 (100.00%)
Total Ticket Income: $1,270,000
Other Income: $190,500
Total Income: $1,460,500
Devils
5 vs 5 Forward
Center Left Wing Right Wing Time % Phy DF OF
1 Nazem Kadri Tyler Ennis Marian Gaborik 36 0 2 3
2 Aleksander Barkov Jonathan Huberdeau Nick Palmieri 30 0 2 3
3 Brayden Point Eric Tangradi Jason Pominville 24 0 2 3
4 Anton Lander Sven Baertschi Ondrej Kase 10 0 3 2
5 vs 5 Defense
Defense Defense Time % Phy DF OF
1 Kristopher Letang Anton Stralman 38 0 3 2
2 Michael Del Zotto Brandon Carlo 36 0 3 2
3 Matt Donovan Thomas Hickey 26 0 3 2
4 Kristopher Letang Anton Stralman 0 0 3 2
PowerPlay Forward
Center Left Wing Right Wing Time % Phy DF OF
1 Nazem Kadri Tyler Ennis Marian Gaborik 60 0 1 4
2 Aleksander Barkov Jonathan Huberdeau Nick Palmieri 40 0 1 4
PowerPlay Defense
Defense Defense Time % Phy DF OF
1 Kristopher Letang Michael Del Zotto 60 0 2 3
2 Matt Donovan Thomas Hickey 40 0 2 3
Penalty Kill 4 Players Forward
Center Wing Time % Phy DF OF
1 Anton Lander Eric Tangradi 65 1 3 1
2 Nazem Kadri Tyler Ennis 35 1 3 1
Penalty Kill 4 Players Defense
Defense Defense Time % Phy DF OF
1 Anton Stralman Brandon Carlo 60 1 4 0
2 Michael Del Zotto Matt Donovan 40 1 4 0
Penalty Kill - 3 Players Forward
Forward Time % Phy DF OF
1 Nazem Kadri 60 1 3 1
2 Aleksander Barkov 40 1 3 1
Penalty Kill - 3 Players Defense
Defense Defense Time % Phy DF OF
1 Kristopher Letang Michael Del Zotto 60 1 4 0
2 Anton Stralman Matt Donovan 40 1 4 0
4 vs 4 Forward
Center Wing Time % Phy DF OF
1 Nazem Kadri Tyler Ennis 60 0 2 3
2 Aleksander Barkov Jonathan Huberdeau 40 0 2 3
4 vs 4 Defense
Defense Defense Time % Phy DF OF
1 Kristopher Letang Anton Stralman 60 0 3 2
2 Michael Del Zotto Matt Donovan 40 0 3 2
Last Minutes Offensive
Center Left Wing Right Wing Defense Defense
Nazem Kadri Tyler Ennis Nick Palmieri Kristopher Letang Michael Del Zotto
Last Minutes Defensive
Center Left Wing Right Wing Defense Defense
Anton Lander Tyler Ennis Nick Palmieri Brandon Carlo Anton Stralman
Goaltenders
Starting : Tyler Weiman
Backup : Maxime Daigneault
Extra Forwards
Normal : Brayden Point, Jason Pominville, Ondrej Kase - PP : Brayden Point, Jason Pominville - PK : Jason Pominville
Extra Defensemen
Normal : Matt Donovan, Brandon Carlo, Thomas Hickey - PP : Thomas Hickey - PK : Matt Donovan, Brandon Carlo
Penalty Shots
Tyler Ennis, Nazem Kadri, Nick Palmieri, Aleksander Barkov, Brayden Point
Scratches
Logan Shaw (Separated Left Shoulder Injury)
Bruins
5 vs 5 Forward
Center Left Wing Right Wing Time % Phy DF OF
1 Jonathan Toews Wojtek Wolski Zack Kassian 41 1 2 2
2 Kevin Hayes Gabriel Landeskog Victor Oreskovich 31 1 2 2
3 Casey Cizikas David Booth Andreas Athanasiou 19 1 2 2
4 Mikael Backlund Taylor Beck Matt Read 9 1 2 2
5 vs 5 Defense
Defense Defense Time % Phy DF OF
1 Jason Demers Torey Krug 45 1 2 2
2 Brendan Smith Madison Bowey 35 1 2 2
3 Josh Manson Adam Pelech 10 1 2 2
4 Jason Demers Torey Krug 10 1 2 2
PowerPlay Forward
Center Left Wing Right Wing Time % Phy DF OF
1 Jonathan Toews Gabriel Landeskog Zack Kassian 60 0 2 3
2 Kevin Hayes Wojtek Wolski Victor Oreskovich 40 0 2 3
PowerPlay Defense
Defense Defense Time % Phy DF OF
1 Jason Demers Torey Krug 60 1 2 2
2 Brendan Smith Madison Bowey 40 1 2 2
Penalty Kill 4 Players Forward
Center Wing Time % Phy DF OF
1 Zack Kassian Wojtek Wolski 60 1 2 2
2 Jonathan Toews Gabriel Landeskog 40 1 2 2
Penalty Kill 4 Players Defense
Defense Defense Time % Phy DF OF
1 Jason Demers Torey Krug 60 1 2 2
2 Brendan Smith Madison Bowey 40 1 2 2
Penalty Kill - 3 Players Forward
Forward Time % Phy DF OF
1 Zack Kassian 60 0 3 2
2 Wojtek Wolski 40 0 3 2
Penalty Kill - 3 Players Defense
Defense Defense Time % Phy DF OF
1 Jason Demers Torey Krug 60 1 2 2
2 Brendan Smith Madison Bowey 40 1 2 2
4 vs 4 Forward
Center Wing Time % Phy DF OF
1 Zack Kassian Wojtek Wolski 60 1 2 2
2 Jonathan Toews Gabriel Landeskog 40 1 2 2
4 vs 4 Defense
Defense Defense Time % Phy DF OF
1 Jason Demers Torey Krug 60 1 2 2
2 Brendan Smith Madison Bowey 40 1 2 2
Last Minutes Offensive
Center Left Wing Right Wing Defense Defense
Jonathan Toews Wojtek Wolski Zack Kassian Jason Demers Torey Krug
Last Minutes Defensive
Center Left Wing Right Wing Defense Defense
Jonathan Toews Wojtek Wolski Zack Kassian Jason Demers Torey Krug
Goaltenders
Starting : Kevin Poulin
Backup : Keith Kinkaid
Extra Forwards
Normal : Gabriel Landeskog, Zack Kassian, Wojtek Wolski - PP : Gabriel Landeskog, Zack Kassian - PK : Mikael Backlund
Extra Defensemen
Normal : Madison Bowey, Jason Demers, Brendan Smith - PP : Jason Demers - PK : Brendan Smith, Jason Demers
Penalty Shots
Zack Kassian, Wojtek Wolski, Gabriel Landeskog, Jonathan Toews, Kevin Hayes
Scratches
Alex Petrovic (Healthy)
% Time on Ice - Devils
Lines # - Real PCT - Wanted PCT - Time Play
Normal Forward
1 - 33% - 36% - 14:45
2 - 29% - 30% - 13:20
3 - 24% - 24% - 10:46
4 - 14% - 10% - 6:24
Normal Defense
1 - 37% - 38% - 16:53
2 - 35% - 36% - 16:01
3 - 27% - 26% - 12:21
4 - 0% - 0% - 0:00
PP Forward
1 - 56% - 60% - 6:37
2 - 44% - 40% - 5:17
PP Defense
1 - 66% - 60% - 7:54
2 - 34% - 40% - 4:00
PK Forward
1 - 100% - 65% - 2:12
2 - 0% - 35% - 0:00
PK Defense
1 - 60% - 60% - 1:19
2 - 40% - 40% - 0:53
PK3 Forward
1 - 0% - 60%
2 - 0% - 40%
PK3 Defense
1 - 0% - 60%
2 - 0% - 40%
44 Forward
1 - 0% - 60%
2 - 0% - 40%
44 Defense
1 - 0% - 60%
2 - 0% - 40%
Last Minute Offensive - 0:39
Last Minute Defensive - 0:00
Total
Forward - 60:00
Defense - 60:00
|
% Time on Ice - Bruins
Lines # - Real PCT - Wanted PCT - Time Play
Normal Forward
1 - 37% - 41% - 16:40
2 - 30% - 31% - 13:26
3 - 18% - 19% - 8:14
4 - 15% - 9% - 6:54
Normal Defense
1 - 39% - 45% - 17:44
2 - 40% - 35% - 18:01
3 - 19% - 10% - 8:40
4 - 2% - 10% - 0:49
PP Forward
1 - 58% - 60% - 1:16
2 - 42% - 40% - 0:56
PP Defense
1 - 62% - 60% - 1:22
2 - 38% - 40% - 0:50
PK Forward
1 - 74% - 60% - 8:50
2 - 26% - 40% - 3:04
PK Defense
1 - 58% - 60% - 6:53
2 - 42% - 40% - 5:01
PK3 Forward
1 - 0% - 60%
2 - 0% - 40%
PK3 Defense
1 - 0% - 60%
2 - 0% - 40%
44 Forward
1 - 0% - 60%
2 - 0% - 40%
44 Defense
1 - 0% - 60%
2 - 0% - 40%
Last Minute Offensive - 0:00
Last Minute Defensive - 0:40
Total
Forward - 60:00
Defense - 60:00
|
Play-by-Play
1st period
0:01 of 1st period - Nazem Kadri wins face-off versus Jonathan Toews in neutral zone.
0:04 of 1st period - Wojtek Wolski is hit by Marian Gaborik.
0:26 of 1st period - Aleksander Barkov is hit by Torey Krug and loses puck.
1:38 of 1st period - Wrist shot by Zack Kassian.
1:38 of 1st period - Stopped by Tyler Weiman with a rebound.
1:51 of 1st period - Icing by Josh Manson.
1:52 of 1st period - Jonathan Huberdeau wins face-off versus Kevin Hayes in Bruins zone.
1:59 of 1st period - Backhand shot by Aleksander Barkov.
1:59 of 1st period - Stopped by Kevin Poulin without a rebound.
2:00 of 1st period - Brayden Point wins face-off versus Jonathan Toews in Bruins zone.
2:32 of 1st period - Snap shot by Marian Gaborik.
2:32 of 1st period - Shot Misses the Net.
3:17 of 1st period - Brendan Smith is hit by Jason Pominville and loses puck.
3:42 of 1st period - Wrist shot by Jonathan Huberdeau.
3:42 of 1st period - Stopped by Kevin Poulin without a rebound.
3:43 of 1st period - Aleksander Barkov wins face-off versus Jonathan Toews in Bruins zone.
3:48 of 1st period - Wrist shot by Nick Palmieri.
3:48 of 1st period - Shot Misses the Net.
4:22 of 1st period - Wrist shot by Tyler Ennis.
4:22 of 1st period - Stopped by Kevin Poulin without a rebound.
4:23 of 1st period - Brayden Point wins face-off versus Jonathan Toews in Bruins zone.
4:30 of 1st period - Eric Tangradi is hit by Zack Kassian and loses puck.
4:49 of 1st period - Marian Gaborik is hit by Andreas Athanasiou and loses puck.
5:17 of 1st period - Madison Bowey is hit by Kristopher Letang and loses puck.
5:38 of 1st period - Wrist shot by Aleksander Barkov.
5:38 of 1st period - Stopped by Kevin Poulin with a rebound.
6:02 of 1st period - Slapshot by Nazem Kadri.
6:02 of 1st period - Shot Misses the Net.
6:10 of 1st period - Marian Gaborik is hit by Wojtek Wolski and loses puck.
6:23 of 1st period - Torey Krug is hit by Eric Tangradi and loses puck.
7:12 of 1st period - Backhand shot by Taylor Beck.
7:12 of 1st period - Stopped by Tyler Weiman with a rebound.
7:38 of 1st period - Jason Pominville is hit by Torey Krug.
7:47 of 1st period - Icing by Jason Demers.
7:48 of 1st period - Casey Cizikas wins face-off versus Nazem Kadri in Bruins zone.
8:19 of 1st period - Wrist shot by Casey Cizikas.
8:19 of 1st period - Stopped by Tyler Weiman without a rebound.
8:20 of 1st period - Jonathan Toews wins face-off versus Aleksander Barkov in Devils zone.
8:31 of 1st period - Snap shot by Jonathan Huberdeau.
8:31 of 1st period - Shot Misses the Net.
8:33 of 1st period - Snap shot by Aleksander Barkov.
8:33 of 1st period - Deflect By Jonathan Huberdeau.
8:33 of 1st period - Stopped by Kevin Poulin with a rebound.
8:35 of 1st period - Slapshot by Brandon Carlo.
8:35 of 1st period - Stopped by Kevin Poulin without a rebound.
8:36 of 1st period - Kevin Hayes wins face-off versus Nazem Kadri in Bruins zone.
8:45 of 1st period - Wrist shot by Kevin Hayes.
8:45 of 1st period - Shot Blocked by Kristopher Letang.
8:51 of 1st period - Wrist shot by Kristopher Letang.
8:51 of 1st period - Stopped by Kevin Poulin with a rebound.
8:53 of 1st period - Snap shot by Tyler Ennis.
8:53 of 1st period - Stopped by Kevin Poulin with a rebound.
9:03 of 1st period - Anton Stralman is hit by Zack Kassian and loses puck.
9:33 of 1st period - Wrist shot by Michael Del Zotto.
9:33 of 1st period - Stopped by Kevin Poulin with a rebound.
9:43 of 1st period - Anton Lander is hit by Mikael Backlund and loses puck.
10:02 of 1st period - Madison Bowey is hit by Nazem Kadri and loses puck.
10:47 of 1st period - Snap shot by Eric Tangradi.
10:47 of 1st period - Goal by Eric Tangradi - Devils : 1 - Bruins : 0.
10:48 of 1st period - Jonathan Toews wins face-off versus Marian Gaborik in neutral zone.
10:53 of 1st period - Wrist shot by Zack Kassian.
10:53 of 1st period - Stopped by Tyler Weiman with a rebound.
10:55 of 1st period - Snap shot by Jonathan Toews.
10:55 of 1st period - Shot Blocked by Michael Del Zotto.
10:57 of 1st period - Backhand shot by Jonathan Toews.
10:57 of 1st period - Goal by Jonathan Toews - Devils : 1 - Bruins : 1.
10:58 of 1st period - Jonathan Toews wins face-off versus Aleksander Barkov in neutral zone.
11:12 of 1st period - Snap shot by Nick Palmieri.
11:12 of 1st period - Stopped by Kevin Poulin without a rebound.
11:13 of 1st period - Kevin Hayes wins face-off versus Nazem Kadri in Bruins zone.
11:45 of 1st period - Wrist shot by Victor Oreskovich.
11:45 of 1st period - Stopped by Tyler Weiman with a rebound.
11:47 of 1st period - Slapshot by Adam Pelech.
11:47 of 1st period - Stopped by Tyler Weiman without a rebound.
11:48 of 1st period - Eric Tangradi wins face-off versus Jonathan Toews in Devils zone.
11:53 of 1st period - Snap shot by Jason Pominville.
11:53 of 1st period - Shot Blocked by Jonathan Toews.
11:55 of 1st period - Slapshot by Kristopher Letang.
11:55 of 1st period - Stopped by Kevin Poulin without a rebound.
11:56 of 1st period - Jonathan Toews wins face-off versus Brayden Point in Bruins zone.
11:56 of 1st period - Jonathan Toews is hit by Brayden Point.
11:59 of 1st period - Minor Penalty to Wojtek Wolski for Hooking.
12:00 of 1st period - Nazem Kadri wins face-off versus Zack Kassian in Bruins zone.
12:40 of 1st period - Brendan Smith is hit by Kristopher Letang and loses puck.
13:59 of 1st period - Penalty to Wojtek Wolski is over, Wojtek Wolski is back on ice.
14:12 of 1st period - Wojtek Wolski is hit by Sven Baertschi and loses puck.
14:27 of 1st period - Brayden Point is hit by Kevin Hayes and loses puck.
14:47 of 1st period - Minor Penalty to Matt Read for Tripping.
14:48 of 1st period - Zack Kassian wins face-off versus Nazem Kadri in Bruins zone.
14:59 of 1st period - Slapshot by Michael Del Zotto.
14:59 of 1st period - Shot Blocked by Jonathan Toews.
15:28 of 1st period - Brendan Smith is hit by Aleksander Barkov and loses puck.
16:47 of 1st period - Penalty to Matt Read is over, Matt Read is back on ice.
17:54 of 1st period - Wojtek Wolski is hit by Brayden Point and loses puck.
18:13 of 1st period - Torey Krug is hit by Michael Del Zotto and loses puck.
19:12 of 1st period - Snap shot by Aleksander Barkov.
19:12 of 1st period - Shot Misses the Net.
19:37 of 1st period - Jonathan Toews is hit by Nick Palmieri and loses puck.
Goals for this period are 1 for Devils vs 1 for Bruins.
Shots for this period are 12 for Devils vs 7 for Bruins.
2nd period
0:01 of 2nd period - Nazem Kadri wins face-off versus Jonathan Toews in neutral zone.
0:04 of 2nd period - Torey Krug is hit by Michael Del Zotto and loses puck.
0:36 of 2nd period - Slapshot by Jonathan Huberdeau.
0:36 of 2nd period - Shot Blocked by Victor Oreskovich.
0:38 of 2nd period - Slapshot by Jonathan Huberdeau.
0:38 of 2nd period - Shot Blocked by Torey Krug.
0:48 of 2nd period - Slapshot by Casey Cizikas.
0:48 of 2nd period - Shot Misses the Net.
1:32 of 2nd period - Wrist shot by Jonathan Huberdeau.
1:32 of 2nd period - Stopped by Kevin Poulin without a rebound.
1:33 of 2nd period - Aleksander Barkov wins face-off versus Jonathan Toews in Bruins zone.
1:38 of 2nd period - Snap shot by Jonathan Huberdeau.
1:38 of 2nd period - Stopped by Kevin Poulin with a rebound.
1:42 of 2nd period - Slapshot by Jonathan Huberdeau.
1:42 of 2nd period - Stopped by Kevin Poulin with a rebound.
1:44 of 2nd period - Snap shot by Nick Palmieri.
1:44 of 2nd period - Stopped by Kevin Poulin with a rebound.
1:46 of 2nd period - Wrist shot by Aleksander Barkov.
1:46 of 2nd period - Shot Misses the Net.
1:48 of 2nd period - Wrist shot by Nick Palmieri.
1:48 of 2nd period - Stopped by Kevin Poulin with a rebound.
1:56 of 2nd period - Minor Penalty to Adam Pelech for Interference.
1:57 of 2nd period - Nazem Kadri wins face-off versus Zack Kassian in Bruins zone.
1:58 of 2nd period - Slapshot by Tyler Ennis.
1:58 of 2nd period - Shot Blocked by Torey Krug.
2:00 of 2nd period - Slapshot by Kristopher Letang.
2:00 of 2nd period - Shot Misses the Net.
2:02 of 2nd period - Slapshot by Kristopher Letang.
2:02 of 2nd period - Stopped by Kevin Poulin without a rebound.
2:03 of 2nd period - Zack Kassian wins face-off versus Nazem Kadri in Bruins zone.
2:03 of 2nd period - Zack Kassian is hit by Marian Gaborik.
2:33 of 2nd period - Snap shot by Gabriel Landeskog.
2:33 of 2nd period - Stopped by Tyler Weiman without a rebound.
2:34 of 2nd period - Aleksander Barkov wins face-off versus Zack Kassian in Devils zone.
3:11 of 2nd period - Wrist shot by Nick Palmieri.
3:11 of 2nd period - Stopped by Kevin Poulin without a rebound.
3:12 of 2nd period - Nazem Kadri wins face-off versus Zack Kassian in Bruins zone.
3:23 of 2nd period - Slapshot by Nazem Kadri.
3:23 of 2nd period - Stopped by Kevin Poulin without a rebound.
3:24 of 2nd period - Zack Kassian wins face-off versus Nazem Kadri in Bruins zone.
3:56 of 2nd period - Penalty to Adam Pelech is over, Adam Pelech is back on ice.
4:44 of 2nd period - Slapshot by Torey Krug.
4:44 of 2nd period - Shot Blocked by Tyler Ennis.
4:46 of 2nd period - Slapshot by Torey Krug.
4:46 of 2nd period - Shot Misses the Net.
5:12 of 2nd period - Wrist shot by Marian Gaborik.
5:12 of 2nd period - Shot Misses the Net.
5:21 of 2nd period - Off-side.
5:22 of 2nd period - Aleksander Barkov wins face-off versus Victor Oreskovich in neutral zone.
5:38 of 2nd period - Wrist shot by Aleksander Barkov.
5:38 of 2nd period - Shot Blocked by Madison Bowey.
5:54 of 2nd period - Snap shot by Jason Pominville.
5:54 of 2nd period - Shot Blocked by Brendan Smith.
5:56 of 2nd period - Wrist shot by Brayden Point.
5:56 of 2nd period - Stopped by Kevin Poulin without a rebound.
5:57 of 2nd period - Jonathan Huberdeau wins face-off versus Victor Oreskovich in Bruins zone.
6:02 of 2nd period - Snap shot by Aleksander Barkov.
6:02 of 2nd period - Stopped by Kevin Poulin with a rebound.
6:04 of 2nd period - Wrist shot by Jonathan Huberdeau.
6:04 of 2nd period - Deflect By Nick Palmieri.
6:04 of 2nd period - Stopped by Kevin Poulin without a rebound.
6:05 of 2nd period - Aleksander Barkov wins face-off versus Kevin Hayes in Bruins zone.
6:14 of 2nd period - Snap shot by Nick Palmieri.
6:14 of 2nd period - Shot Misses the Net.
6:22 of 2nd period - Slapshot by Gabriel Landeskog.
6:22 of 2nd period - Stopped by Tyler Weiman with a rebound.
6:24 of 2nd period - Wrist shot by Gabriel Landeskog.
6:24 of 2nd period - Stopped by Tyler Weiman with a rebound.
6:26 of 2nd period - Wrist shot by Kevin Hayes.
6:26 of 2nd period - Stopped by Tyler Weiman without a rebound.
6:27 of 2nd period - Brayden Point wins face-off versus Casey Cizikas in Devils zone.
6:54 of 2nd period - Gabriel Landeskog is hit by Jonathan Huberdeau and loses puck.
7:11 of 2nd period - Torey Krug is hit by Kristopher Letang and loses puck.
7:20 of 2nd period - Slapshot by Madison Bowey.
7:20 of 2nd period - Shot Misses the Net.
8:15 of 2nd period - Wrist shot by Gabriel Landeskog.
8:15 of 2nd period - Shot Misses the Net.
8:17 of 2nd period - Slapshot by Torey Krug.
8:17 of 2nd period - Shot Blocked by Brandon Carlo.
8:19 of 2nd period - Snap shot by Gabriel Landeskog.
8:19 of 2nd period - Shot Misses the Net.
8:21 of 2nd period - Snap shot by Gabriel Landeskog.
8:21 of 2nd period - Stopped by Tyler Weiman with a rebound.
8:23 of 2nd period - Slapshot by Jason Demers.
8:23 of 2nd period - Stopped by Tyler Weiman without a rebound.
8:24 of 2nd period - Jonathan Toews wins face-off versus Brayden Point in Devils zone.
9:15 of 2nd period - Snap shot by Casey Cizikas.
9:15 of 2nd period - Stopped by Tyler Weiman without a rebound.
9:16 of 2nd period - Andreas Athanasiou wins face-off versus Jonathan Huberdeau in Devils zone.
9:45 of 2nd period - Snap shot by Nazem Kadri.
9:45 of 2nd period - Stopped by Kevin Poulin without a rebound.
9:46 of 2nd period - Jonathan Toews wins face-off versus Nazem Kadri in Bruins zone.
10:09 of 2nd period - Snap shot by Tyler Ennis.
10:09 of 2nd period - Stopped by Kevin Poulin without a rebound.
10:10 of 2nd period - Kevin Hayes wins face-off versus Aleksander Barkov in Bruins zone.
10:30 of 2nd period - Minor Penalty to Victor Oreskovich for Tripping.
10:31 of 2nd period - Zack Kassian wins face-off versus Nazem Kadri in Bruins zone.
11:01 of 2nd period - Kristopher Letang is hit by Jason Demers and loses puck.
12:30 of 2nd period - Penalty to Victor Oreskovich is over, Victor Oreskovich is back on ice.
12:41 of 2nd period - Backhand shot by Adam Pelech.
12:41 of 2nd period - Stopped by Tyler Weiman with a rebound.
12:58 of 2nd period - Thomas Hickey is hit by Brendan Smith and loses puck.
13:22 of 2nd period - Gabriel Landeskog is hit by Thomas Hickey.
13:26 of 2nd period - Thomas Hickey is hit by Victor Oreskovich and loses puck.
13:51 of 2nd period - Anton Lander is hit by Wojtek Wolski and loses puck.
14:37 of 2nd period - Kristopher Letang is hit by Andreas Athanasiou and loses puck.
14:42 of 2nd period - Snap shot by Casey Cizikas.
14:42 of 2nd period - Shot Blocked by Jason Pominville.
14:44 of 2nd period - Snap shot by Casey Cizikas.
14:44 of 2nd period - Deflect By Andreas Athanasiou.
14:44 of 2nd period - Shot Misses the Net.
14:44 of 2nd period - Puck is out of play.
14:45 of 2nd period - Nazem Kadri wins face-off versus Jonathan Toews in Devils zone.
14:54 of 2nd period - Zack Kassian is hit by Nazem Kadri and loses puck.
15:31 of 2nd period - Snap shot by Taylor Beck.
15:31 of 2nd period - Stopped by Tyler Weiman with a rebound.
15:33 of 2nd period - Wrist shot by Mikael Backlund.
15:33 of 2nd period - Deflect By Matt Read.
15:33 of 2nd period - Stopped by Tyler Weiman with a rebound.
15:35 of 2nd period - Slapshot by Josh Manson.
15:35 of 2nd period - Shot Blocked by Brandon Carlo.
15:37 of 2nd period - Wrist shot by Taylor Beck.
15:37 of 2nd period - Goal by Taylor Beck - Devils : 1 - Bruins : 2.
15:38 of 2nd period - Marian Gaborik wins face-off versus Jonathan Toews in neutral zone.
15:51 of 2nd period - Backhand shot by Nazem Kadri.
15:51 of 2nd period - Shot Blocked by Jonathan Toews.
15:53 of 2nd period - Wrist shot by Tyler Ennis.
15:53 of 2nd period - Shot Misses the Net.
16:05 of 2nd period - Jonathan Toews is hit by Eric Tangradi and loses puck.
16:16 of 2nd period - Wojtek Wolski is hit by Brayden Point and loses puck.
16:33 of 2nd period - Snap shot by Kevin Hayes.
16:33 of 2nd period - Shot Blocked by Jonathan Huberdeau.
16:35 of 2nd period - Wrist shot by Victor Oreskovich.
16:35 of 2nd period - Shot Misses the Net.
16:37 of 2nd period - Slapshot by Torey Krug.
16:37 of 2nd period - Stopped by Tyler Weiman without a rebound.
16:38 of 2nd period - Casey Cizikas wins face-off versus Nazem Kadri in Devils zone.
17:03 of 2nd period - Jonathan Huberdeau is hit by Kevin Hayes and loses puck.
17:31 of 2nd period - Snap shot by Jason Pominville.
17:31 of 2nd period - Goal by Jason Pominville - Devils : 2 - Bruins : 2.
17:32 of 2nd period - Nazem Kadri wins face-off versus Jonathan Toews in neutral zone.
17:41 of 2nd period - Wrist shot by Tyler Ennis.
17:41 of 2nd period - Shot Blocked by Jason Demers.
18:10 of 2nd period - Snap shot by Aleksander Barkov.
18:10 of 2nd period - Stopped by Kevin Poulin without a rebound.
18:11 of 2nd period - Aleksander Barkov wins face-off versus Jonathan Toews in Bruins zone.
19:22 of 2nd period - Madison Bowey is hit by Jason Pominville and loses puck.
Goals for this period are 1 for Devils vs 1 for Bruins.
Shots for this period are 15 for Devils vs 12 for Bruins.
3rd period
0:01 of 3rd period - Jonathan Toews wins face-off versus Nazem Kadri in neutral zone.
0:08 of 3rd period - Snap shot by Zack Kassian.
0:08 of 3rd period - Shot Blocked by Marian Gaborik.
0:26 of 3rd period - Jonathan Huberdeau is hit by Gabriel Landeskog and loses puck.
0:33 of 3rd period - Victor Oreskovich is hit by Nick Palmieri and loses puck.
0:53 of 3rd period - Brayden Point is hit by Jason Demers and loses puck.
1:02 of 3rd period - Wrist shot by Eric Tangradi.
1:02 of 3rd period - Shot Blocked by Jason Demers.
1:36 of 3rd period - Michael Del Zotto is hit by Matt Read and loses puck.
1:59 of 3rd period - Snap shot by Eric Tangradi.
1:59 of 3rd period - Shot Misses the Net.
2:01 of 3rd period - Wrist shot by Brandon Carlo.
2:01 of 3rd period - Deflect By Brayden Point.
2:01 of 3rd period - Stopped by Kevin Poulin without a rebound.
2:02 of 3rd period - Brayden Point wins face-off versus Kevin Hayes in Bruins zone.
2:17 of 3rd period - Wrist shot by Kevin Hayes.
2:17 of 3rd period - Stopped by Tyler Weiman with a rebound.
2:19 of 3rd period - Snap shot by Kevin Hayes.
2:19 of 3rd period - Stopped by Tyler Weiman without a rebound.
2:20 of 3rd period - Nazem Kadri wins face-off versus Jonathan Toews in Devils zone.
3:13 of 3rd period - Icing by Madison Bowey.
3:14 of 3rd period - Jonathan Huberdeau wins face-off versus Kevin Hayes in Bruins zone.
3:31 of 3rd period - Slapshot by Victor Oreskovich.
3:31 of 3rd period - Shot Blocked by Aleksander Barkov.
3:47 of 3rd period - Snap shot by Aleksander Barkov.
3:47 of 3rd period - Shot Misses the Net.
4:11 of 3rd period - Taylor Beck is hit by Thomas Hickey.
4:23 of 3rd period - Slapshot by Matt Donovan.
4:23 of 3rd period - Deflect By Nazem Kadri.
4:23 of 3rd period - Shot Misses the Net.
4:23 of 3rd period - Puck is out of play.
4:24 of 3rd period - Nazem Kadri wins face-off versus Kevin Hayes in Bruins zone.
4:47 of 3rd period - Minor Penalty to Josh Manson for Hooking.
4:48 of 3rd period - Nazem Kadri wins face-off versus Zack Kassian in Bruins zone.
5:01 of 3rd period - Marian Gaborik is hit by Wojtek Wolski and loses puck.
5:19 of 3rd period - Michael Del Zotto is hit by Wojtek Wolski and loses puck.
6:46 of 3rd period - Slapshot by Michael Del Zotto.
6:46 of 3rd period - Stopped by Kevin Poulin with a rebound.
6:47 of 3rd period - Penalty to Josh Manson is over, Josh Manson is back on ice.
6:48 of 3rd period - Snap shot by Ondrej Kase.
6:48 of 3rd period - Shot Hit the Post.
6:50 of 3rd period - Wrist shot by Jason Pominville.
6:50 of 3rd period - Stopped by Kevin Poulin without a rebound.
6:51 of 3rd period - Kevin Hayes wins face-off versus Brayden Point in Bruins zone.
6:51 of 3rd period - Kevin Hayes is hit by Jason Pominville.
6:58 of 3rd period - Snap shot by Gabriel Landeskog.
6:58 of 3rd period - Stopped by Tyler Weiman with a rebound.
7:00 of 3rd period - Wrist shot by Victor Oreskovich.
7:00 of 3rd period - Stopped by Tyler Weiman with a rebound.
7:02 of 3rd period - Snap shot by Gabriel Landeskog.
7:02 of 3rd period - Goal by Gabriel Landeskog - Devils : 2 - Bruins : 3.
7:03 of 3rd period - Nazem Kadri wins face-off versus Jonathan Toews in neutral zone.
7:23 of 3rd period - Icing by Marian Gaborik.
7:24 of 3rd period - Kevin Hayes wins face-off versus Nazem Kadri in Devils zone.
7:25 of 3rd period - Snap shot by Gabriel Landeskog.
7:25 of 3rd period - Stopped by Tyler Weiman with a rebound.
7:47 of 3rd period - Slapshot by Marian Gaborik.
7:47 of 3rd period - Shot Misses the Net.
7:55 of 3rd period - Wrist shot by Nazem Kadri.
7:55 of 3rd period - Stopped by Kevin Poulin without a rebound.
7:56 of 3rd period - Aleksander Barkov wins face-off versus Jonathan Toews in Bruins zone.
8:25 of 3rd period - Snap shot by Kevin Hayes.
8:25 of 3rd period - Shot Blocked by Brayden Point.
9:05 of 3rd period - Icing by Casey Cizikas.
9:06 of 3rd period - Mikael Backlund wins face-off versus Nazem Kadri in Bruins zone.
9:23 of 3rd period - Wrist shot by Tyler Ennis.
9:23 of 3rd period - Stopped by Kevin Poulin without a rebound.
9:24 of 3rd period - Aleksander Barkov wins face-off versus Jonathan Toews in Bruins zone.
9:38 of 3rd period - Minor Penalty to Zack Kassian for Hooking.
9:39 of 3rd period - Mikael Backlund wins face-off versus Nazem Kadri in Bruins zone.
9:39 of 3rd period - Mikael Backlund is hit by Marian Gaborik.
11:38 of 3rd period - Penalty to Zack Kassian is over, Zack Kassian is back on ice.
11:47 of 3rd period - Jonathan Toews is hit by Ondrej Kase and loses puck.
12:00 of 3rd period - Brandon Carlo is hit by Adam Pelech and loses puck.
12:09 of 3rd period - Anton Lander is hit by Kevin Hayes and loses puck.
12:38 of 3rd period - Jonathan Huberdeau is hit by Wojtek Wolski and loses puck.
13:26 of 3rd period - Torey Krug is hit by Matt Donovan and loses puck.
13:41 of 3rd period - Aleksander Barkov is hit by Kevin Hayes and loses puck.
14:24 of 3rd period - Snap shot by Nazem Kadri.
14:24 of 3rd period - Shot Misses the Net.
15:24 of 3rd period - Snap shot by Marian Gaborik.
15:24 of 3rd period - Stopped by Kevin Poulin with a rebound.
15:26 of 3rd period - Slapshot by Nazem Kadri.
15:26 of 3rd period - Shot Blocked by Brendan Smith.
16:03 of 3rd period - Wojtek Wolski is hit by Sven Baertschi and loses puck.
16:34 of 3rd period - Nick Palmieri is hit by Taylor Beck and loses puck.
16:41 of 3rd period - Snap shot by Mikael Backlund.
16:41 of 3rd period - Shot Blocked by Aleksander Barkov.
16:43 of 3rd period - Slapshot by Josh Manson.
16:43 of 3rd period - Stopped by Tyler Weiman without a rebound.
16:44 of 3rd period - Jonathan Toews wins face-off versus Brayden Point in Devils zone.
16:58 of 3rd period - Minor Penalty to Brayden Point for Diving.
16:59 of 3rd period - Anton Lander wins face-off versus Jonathan Toews in Devils zone.
17:09 of 3rd period - Wrist shot by Zack Kassian.
17:09 of 3rd period - Shot Blocked by Eric Tangradi.
18:43 of 3rd period - Torey Krug is hit by Matt Donovan and loses puck.
18:58 of 3rd period - Penalty to Brayden Point is over, Brayden Point is back on ice.
19:15 of 3rd period - Wrist shot by Casey Cizikas.
19:15 of 3rd period - Shot Blocked by Kristopher Letang.
19:46 of 3rd period - Minor Penalty to Nick Palmieri for Diving.
19:47 of 3rd period - Anton Lander wins face-off versus Jonathan Toews in Devils zone.
Goals for this period are 0 for Devils vs 1 for Bruins.
Shots for this period are 6 for Devils vs 7 for Bruins.